 Dungeon Crawl Stone Soup version 0.28.0 (webtiles) character file.

Game seed: 6150197703397337972

52 Prodoman the Magician (level 3, -2/26 HPs)
             Began as a Demonspawn Hedge Wizard on Feb 5, 2022.
             Slain by a hobgoblin (5 damage)
             ... on level 2 of the Dungeon.
             The game lasted 00:02:17 (1302 turns).

Prodoman the Magician (Demonspawn Hedge Wizard)     Turns: 1302, Time: 00:02:18

Health: -2/26      AC:  2    Str: 10    XL:     3   Next: 60%
Magic:  3/7        EV: 12    Int: 17    God:
Gold:   28         SH:  0    Dex: 12    Spells: 7/8 levels left

rFire   . . .      SeeInvis .   a - +0 dagger
rCold   . . .      Faith    .   (no shield)
rNeg    . . .      Spirit   .   b - +0 robe
rPois   .          Reflect  .   c - +0 hat
rElec   .          Harm     .   (no cloak)
rCorr   .          Rampage  .   (no gloves)
Will    .....                   (no boots)
Stlth   ++........              (no amulet)
HPRegen 0.08/turn               h - ring of flight
MPRegen 0.10/turn               (no ring)

@: flying, slowed, very slow
A: foul stench 1, demonic touch 1
a: no special abilities


You were on level 2 of the Dungeon.
You visited 1 branch of the dungeon, and saw 2 of its levels.

You collected 28 gold pieces.

Inventory:

Hand Weapons
 a - a +0 dagger (weapon)
Armour
 b - a +0 robe (worn)
 c - a +0 hat (worn)
Jewellery
 h - a ring of flight (left hand)
Scrolls
 f - a scroll of holy word {unknown}
 j - a scroll of torment {unknown}
Potions
 d - a potion of haste {unknown}
 e - a potion of attraction {unknown}
 g - a potion of resistance {unknown}
 i - 2 potions of brilliance {unknown}


   Skills:
 + Level 1.0 Fighting
 + Level 0.8 Armour
 + Level 2.2 Dodging
 - Level 2.0 Stealth
 + Level 3.3 Spellcasting
 + Level 1.7 Conjurations
 - Level 1.2 Summonings
 - Level 1.1 Translocations


You had 7 spell levels left.
You knew the following spells:

 Your Spells              Type           Power      Damage    Failure   Level
a - Magic Dart            Conj           32%        1d4       9%          1

Your spell library contained the following spells:

 Spells                   Type           Power      Damage    Failure   Level
 Blink                    Tloc           12%        N/A       16%         2
 Call Imp                 Summ           6%         N/A       16%         2
 Slow                     Hex            8%         N/A       17%         1
 Conjure Flame            Conj/Fire      5%         6-21      34%         3
 Mephitic Cloud           Conj/Pois/Air  4%         N/A       38%         3


Dungeon Overview and Level Annotations

Branches:
Dungeon (2/15)

Altars:


Innate Abilities, Weirdness & Mutations

You may rarely emit foul miasma when damaged in melee.
Your touch may inflict minor irresistible damage on your foes.


Message History

The hobgoblin closely misses you.
Casting: Magic Dart (safe; 11% risk of failure)
Confirm with . or Enter, or press ? or * to list all spells.
Aiming: Magic Dart (safe; 11% risk of failure)
Press: ? - help, Shift-Dir - straight line, f - Natasha
Aim: Natasha (foul pestilence, severely wounded, poisoned, 100% to hit)
The magic dart hits Natasha.
Natasha is almost dead.
Natasha is engulfed in dark miasma.
Natasha looks even sicker.
Natasha claws you. The hobgoblin hits you.
* * * LOW HITPOINT WARNING * * *
Natasha is engulfed in dark miasma.
Natasha looks even sicker.
You kill Natasha!
Natasha yowls pathetically as she dies!
The shadow imp disappears in a puff of smoke!
Your Fighting skill increases to level 1!
You have reached level 3!
Your experience leads to an increase in your attributes!
Increase (S)trength, (I)ntelligence, or (D)exterity?
You feel clever. x2; Your demonic ancestry asserts itself...
Your hands begin to faintly glow with unholy energy.
Casting: Magic Dart (safe; 9% risk of failure)
Confirm with . or Enter, or press ? or * to list all spells.
Aiming: Magic Dart (safe; 9% risk of failure)
Press: ? - help, Shift-Dir - straight line, f - hobgoblin
Aim: a hobgoblin (100% to hit)
The magic dart hits the hobgoblin.
The hobgoblin is moderately wounded.
The hobgoblin hits you but does no damage.
The hobgoblin hits you.
* * * LOW HITPOINT WARNING * * *
Casting: Magic Dart (safe; 9% risk of failure)
Confirm with . or Enter, or press ? or * to list all spells.
Aiming: Magic Dart (safe; 9% risk of failure)
Press: ? - help, Shift-Dir - straight line, f/p - hobgoblin
Aim: a hobgoblin (moderately wounded, 100% to hit)
The magic dart hits the hobgoblin but does no damage.
The hobgoblin is moderately wounded.
The hobgoblin hits you.
You die...

.. .. .. #. #.
#. #.## #☼@# #
.##.####g###..#
........g.....#
.######..###.##
.######..#
g..g....<#
.######.## #.#
#.#


You could see a hobgoblin and a goblin.

Vanquished Creatures
  Natasha (D:2)
  A dart slug (D:1)
  4 ball pythons (D:1)
  3 endoplasms (D:1)
  2 giant cockroaches (D:1)
  2 goblins (D:1)
  A hobgoblin (D:1)
  2 quokkas (D:1)
  4 bats (D:1)
  2 rats (D:1)
22 creatures vanquished.

Notes
Turn   | Place    | Note
-------+----------+-------------------------------------------
     0 | D:1      | Prodoman the Demonspawn Hedge Wizard began the quest for
                  | the Orb.
     0 | D:1      | Reached XP level 1. HP: 13/13 MP: 4/4
   104 | D:1      | Reached skill level 1 in Translocations
   226 | D:1      | Gained mutation: You may rarely emit foul miasma when
                  | damaged in melee. [demonic ancestry]
   226 | D:1      | Reached XP level 2. HP: 19/19 MP: 1/6
  1281 | D:2      | Noticed Natasha
  1300 | D:2      | Killed Natasha
  1301 | D:2      | Reached skill level 1 in Fighting
  1301 | D:2      | Gained mutation: Your touch may inflict minor irresistible
                  | damage on your foes. [demonic ancestry]
  1301 | D:2      | Reached XP level 3. HP: 6/26 MP: 5/7
  1302 | D:2      | Slain by a hobgoblin

Illustrated notes

Levels and vault maps discovered:
D:1:      lightli_arrival_lavapool, layout_loops_ring,
          chequers_serial_rivers_large_a
D:2:      layout_loops_ring, basic_altar, chequers_ecumenical_altar_lobes,
          uniq_natasha

Skill      XL: |  1  2 |
---------------+-------+-----
Translocations | 1 |  1.1
Stealth        | 2 |  2.0
Dodging        | 2 |  2.2
Fighting       | 1 |  1.0
Armour         | |  0.8
Spellcasting   | |  3.3
Conjurations   | |  1.7
Summonings     | |  1.2

Action                   || total
-------------------------++-------
Melee: Dagger            ||    22
       Punch             ||     1
 Cast: Magic Dart        ||    56
Armor: Robe              ||     8
Dodge: Dodged            ||    20
